 Dungeon Crawl Stone Soup version 0.23.2-1-ga50397a6bc (webtiles) character file.

Game seed: 3080361758979275548

786 Kobolds4U the Covert (level 7, 0/33 HPs)
             Began as a Spriggan Assassin on May 31, 2019.
             Was an Initiate of Sif Muna.
             Killed from afar by an orc wizard (8 damage)
             ... with a magic dart
             ... on level 5 of the Dungeon.
             The game lasted 00:10:12 (4630 turns).

Kobolds4U the Covert (Spriggan Assassin)            Turns: 4630, Time: 00:10:12

Health: 0/33       AC:  3    Str:  7    XL:     7   Next: 56%
Magic:  8/8        EV: 17    Int: 13    God:    Sif Muna [......]
Gold:   199        SH:  0    Dex: 19    Spells: 6/6 levels left

rFire    . . .     SeeInvis +   a - +2 dagger
rCold    . . .     Gourm    .   (shield restricted)
rNeg     . . .     Faith    .   c - +0 robe
rPois    .         Spirit   .   (helmet restricted)
rElec    .         Reflect  .   d - +0 cloak
rCorr    .         Harm     .   (gloves unavailable)
MR       ++...                  (boots unavailable)
Stlth    +++++.....             u - amulet of regeneration
HPRegen  0.51/turn              s - ring of protection from magic
MPRegen  0.11/turn              (no ring)

@: very quick
A: very small, unfitting armour, see invisible, herbivore, speed 3, slow
metabolism 2
a: Renounce Religion


You were on level 5 of the Dungeon.
You worshipped Sif Muna.
Sif Muna was noncommittal.
You were very hungry.

You visited 1 branch of the dungeon, and saw 5 of its levels.

You collected 199 gold pieces.

Inventory:

Hand Weapons
 a - a +2 dagger (weapon)
 b - a +0 blowgun
 v - a +0 dagger of venom
Missiles
 e - 22 poisoned needles
 f - 2 curare-tipped needles
Armour
 c - a +0 robe (worn)
 d - a +0 cloak (worn)
 y - a +2 buckler
Jewellery
 s - a ring of protection from magic (left hand)
 u - an amulet of regeneration (around neck)
Scrolls
 j - 3 scrolls of fear {unknown}
 l - 6 scrolls of remove curse {unknown}
 m - a scroll of random uselessness {unknown}
 o - 3 scrolls of identify {unknown}
 p - 2 scrolls of enchant armour {unknown}
 q - 2 scrolls of teleportation {unknown}
 r - a scroll of magic mapping {unknown}
 w - a scroll of enchant weapon {unknown}
 x - a scroll of noise {unknown}
Potions
 h - a potion of degeneration
 i - a potion of mutation {unknown}
 k - a potion of curing {unknown}
 n - a potion of lignification {unknown}
 t - 2 potions of agility {unknown}
 z - a potion of brilliance
 A - 2 potions of flight {unknown}
 B - a potion of magic {unknown}
 C - a potion of berserk rage {unknown}
Comestibles
 g - 10 rations


   Skills:
 - Level 1.5 Fighting
 - Level 2.1 Short Blades
 - Level 2.0 Throwing
 - Level 1.5 Dodging
 + Level 10.3 Stealth
 * Level 4.7 Shields


You had 6 spell levels left.
You didn't know any spells.
Your spell library was empty.

Dungeon Overview and Level Annotations

Branches:
Dungeon (5/15)
 Temple: D:4-7

Altars:
Ru
Sif Muna
Wu Jian
Yredelemnul

Shops:
D:5 (

Annotations:
D:5 Grinder


Innate Abilities, Weirdness & Mutations

You are very small and have problems with some larger weapons.
You are too small for most types of armour.
You have supernaturally acute eyesight. (SInv)
You are a herbivore.
You cover ground extremely quickly.
You need to consume almost no food.


Message History

You hit the orc wizard.
The orc wizard is moderately wounded.
The orc wizard misses you.
You closely miss the orc wizard.
The orc wizard is moderately wounded.
You closely miss the orc wizard.
The orc wizard is moderately wounded.
The orc wizard misses you.
You closely miss the orc wizard.
The orc wizard is moderately wounded.
The orc wizard hits you with a +0 dagger.
* * * LOW HITPOINT WARNING * * *
You hit the orc wizard.
The orc wizard is heavily wounded.
The orc wizard hits you but does no damage.
You hit the orc wizard but do no damage.
The orc wizard is heavily wounded.
The orc wizard gestures at you while chanting.
The magic dart hits you!
You die...

#..........#.#...#
#.....##.#.......#
#.....'..#......##
#####.....####......##
#.........# ###....#
#........#### #....# ###
#......#..(.# #....# #...
#####....##.# ###### #.#.#
#@#####.# ##### .5....
#o##....# ###...##
...o..#####(.#.#### #.'...+.
......o..###(#.# #.#...#.
......)....#.#.# ####.#.....
..#'#..#...#.#.###....#....#
#....##....#.#[....###.#.#
###........#.#.....+...#.#
.....##o.o.#.#.....#####.#


You could see an orc wizard.

Vanquished Creatures
  3 ogres
  A phantom (D:5)
  A centaur zombie (D:5)
  An iguana (D:5)
  2 orc wizards
  3 worker ants
  A hound zombie (D:5)
  A hound skeleton (D:4)
  A howler monkey zombie (D:5)
  4 gnolls (D:4)
  6 adders
  A shadow imp (D:5)
  An ooze (D:5)
  An adder skeleton (D:4)
  2 worms
  3 dart slugs
  3 leopard geckos
  10 orcs
  A ball python (D:2)
  A giant cockroach (D:1)
  10 goblins
  16 jackals
  7 kobolds
  2 quokkas
  6 bats
  5 frilled lizards
  A jackal skeleton (D:4)
  5 rats
99 creatures vanquished.

Notes
Turn   | Place    | Note
-------+----------+-------------------------------------------
     0 | D:1      | Kobolds4U the Spriggan Assassin began the quest for the
                  | Orb.
     0 | D:1      | Reached XP level 1. HP: 10/10 MP: 2/2
   128 | D:1      | Reached skill level 6 in Stealth
   243 | D:1      | Reached XP level 2. HP: 14/14 MP: 3/3
   506 | D:1      | Reached skill level 7 in Stealth
   836 | D:2      | Reached XP level 3. HP: 18/18 MP: 4/4
   896 | D:2      | Reached skill level 1 in Shields
  1771 | D:2      | Reached XP level 4. HP: 22/22 MP: 5/5
  1919 | D:2      | Reached skill level 8 in Stealth
  2878 | D:3      | Found a basalt altar of Yredelemnul.
  2883 | D:3      | Found an ornate altar of the Wu Jian Council.
  2886 | D:3      | Found a sacrificial altar of Ru.
  3289 | D:4      | Reached XP level 5. HP: 16/25 MP: 6/6
  3531 | D:4      | Noticed an ogre
  3574 | D:4      | Killed an ogre
  3574 | D:4      | Reached skill level 9 in Stealth
  3574 | D:4      | Reached XP level 6. HP: 30/30 MP: 7/7
  4073 | D:5      | Entered Level 5 of the Dungeon
  4227 | D:5      | Reached XP level 7. HP: 33/33 MP: 8/8
  4283 | D:5      | Found a deep blue altar of Sif Muna.
  4295 | D:5      | Became a worshipper of Sif Muna the Loreminder
  4327 | D:5      | Noticed Grinder
  4366 | D:5      | Reached skill level 10 in Stealth
  4478 | D:5      | Found Wuing's Antique Weapon Shoppe.
  4630 | D:5      | Killed from afar by an orc wizard

Skill      XL: |  1  2  3  4  5  6  7 |
---------------+----------------------+-----
Stealth        | 6 7 8 9 10 | 10.3
Shields        | 1 2 3 4 |  4.7
Fighting       | |  1.5
Short Blades   | |  2.1
Throwing       | |  2.0
Dodging        | |  1.5

Action                   |  1- 3 |  4- 6 |  7- 9 || total
-------------------------+-------+-------+-------++-------
Melee: Dagger            |   156 |   139 |    41 ||   336
 Fire: Blowgun           |     4 |    54 |     6 ||    64
  Use: Potion            |     3 |       |       ||     3
 Stab: Sleeping          |     9 |    21 |     5 ||    35
       Distracted        |       |     2 |       ||     2
Armor: Robe              |    27 |    14 |     4 ||    45
Dodge: Dodged            |   131 |    93 |    23 ||   247
